 Dungeon Crawl Stone Soup version 0.12.2-15-gdabe59b (webtiles) character file.

2762 Aryth the Martial Artist (level 9, -3/72 HPs)
             Began as a Naga Transmuter on Aug 13, 2013.
             Was a Believer of Cheibriados.
             Shot with a sling bullet by Joseph (13 damage)
             ... on Level 7 of the Dungeon.
             The game lasted 00:36:56 (11572 turns).

Aryth the Grappler (Naga Transmuter)               Turns: 11572, Time: 00:36:56

HP  -3/72        AC  8     Str 17      XL: 9   Next: 45%
MP  12/13        EV 10     Int 20      God: Cheibriados [**....]
Gold 390         SH 11     Dex 17      Spells:  2 memorised,  8 levels left

Res.Fire  : . . .   See Invis. : +     - Unarmed
Res.Cold  : . . .   Warding    : .   D - +0 robe
Life Prot.: . . .   Conserve   : .   f - +0 dwarf buckler
Res.Poison: +       Res.Corr.  : .   y - +0 horned helmet
Res.Elec. : .       Clarity    : .   i - +1 cloak {rPois}
Sust.Abil.: . .     Spirit.Shd : .   A - +0 pair of gauntlets
Res.Mut.  : .       Stasis     : .   (no barding)
Res.Rott. : .       Ctrl.Telep.: .   (no amulet)
Saprovore : . . .   Flight     : .   (no ring)
                                     a - ring of wizardry

@: invisible (expiring), very slightly contaminated, very slow, somewhat
resistant to hostile enchantments, unstealthy
A: spit poison, see invisible, deformed body, poison resistance, slowness 2, AC
+3, Dex +1
a: Spit Poison, Bend Time, Renounce Religion


You were on level 7 of the Dungeon.
You worshipped Cheibriados.
Cheibriados was most pleased with you.
You were not hungry.

You visited 2 branches of the dungeon, and saw 8 of its levels.

You collected 370 gold pieces.

Inventory:

Missiles
 b - 12 arrows
Armour
 c - a +0 robe
 f - a +0 dwarven buckler (worn)
 h - a +0 shield
 i - a +1 cloak of poison resistance (worn)
 q - a +0 cloak
 y - a +0 horned helmet (worn)
 A - a +0 pair of gauntlets (worn)
 D - a +0 robe (worn)
Magical devices
 t - a wand of random effects (9) {unknown}
 H - a wand of confusion (4) {unknown}
Comestibles
 m - 4 meat rations
 n - 3 bread rations
 z - a rotting chunk of giant frog flesh
 B - a rotting chunk of kobold flesh
 G - a choko
Scrolls
 g - a scroll of random uselessness
 l - a scroll of amnesia
 p - 5 scrolls of remove curse
 w - a scroll of magic mapping
 J - a scroll of curse weapon {unknown}
Jewellery
 a - a ring of wizardry (left hand)
 e - a cursed ring of teleportation
 u - an uncursed amulet of guardian spirit
 x - an uncursed amulet of resist mutation {unknown}
 E - an uncursed ring of see invisible
Potions
 j - a potion of curing
 o - 3 potions of restore abilities
 r - a potion of might
 s - a potion of berserk rage
 C - 2 potions of brilliance
 F - a potion of magic
 I - a potion of poison
Books
 d - a book of Changes

   Spells                             Type                      Level
   *Beastly Appendage                 Transmutation                1
   Sticks to Snakes                   Transmutation                2
   *Spider Form                       Transmutation/Poison         3
   Ice Form                           Ice/Transmutation            4
   Blade Hands                        Transmutation                5


   Skills:
 - Level 1.0 Fighting
 - Level 1.5 Dodging
 - Level 3.3 Shields
 - Level 10.4 Unarmed Combat
 - Level 2.0 Spellcasting
 + Level 5.4 Transmutations


You had 8 spell levels left.
You knew the following spells:

 Your Spells              Type           Power        Failure   Level  Hunger
a - Beastly Appendage     Trmt           ####...      1%          1    #......
b - Spider Form           Trmt/Pois      ###.......   7%          3    ###....


Dungeon Overview and Level Annotations

Branches:
Dungeon (7/27)             Temple (1/1) D:5
    Orc: D:6-11

Altars:
Ashenzari
Cheibriados
Elyvilon
Fedhas
Kikubaaqudgha
Makhleb
Nemelex Xobeh
Okawaru
Sif Muna
Xom
Yredelemnul
Zin
the Shining One

Shops:
D:7: !

Annotations
D:7 Joseph


Innate Abilities, Weirdness & Mutations

You cannot wear boots.
You can spit poison.
Your serpentine skin is tough (AC +3).*
You have supernaturally acute eyesight.
Armour fits poorly on your strangely shaped body.*
Your system is resistant to poisons.*
You cover ground very slowly.*
You are agile (Dex +1).


Message History

You feel healthy.
Your +0 horned helmet unmelds from your body.
Your +0 pair of gauntlets unmelds from your body.
Your +0 dwarven buckler unmelds from your body.
Your +0 robe unmelds from your body.
Joseph shoots a sling bullet.
The sling bullet misses you.
You flicker for a moment.
Joseph shoots a sling bullet.
You smell decay.
Yuck! (slot B) Read which item? (? for menu, Esc to quit)
Okay, then.
Drink which item? (? for menu, Esc to quit)
You fade further into invisibility.
Joseph shoots a sling bullet.
The sling bullet misses you.
You flicker for a moment.
Joseph shoots a sling bullet.
The sling bullet misses you.
You see here a sling bullet.
Joseph shoots a sling bullet.
The sling bullet misses you.
Joseph shoots a sling bullet.
The sling bullet hits you!
You die...

#######.## #.## .........#
#(.## .........# ##..##
.........# ##..# .........#
##(# .........# ##.#########
.>.......# ###...........
.........#########.@..#########
.........'......@(.##.#
.........############.#
#####+#### #.# .. #.# #.## #.#
..# #.. ########.##
#######+#### ..........#
####..........#
..........###..'..........#


You could see Joseph.

Vanquished Creatures
  A necrophage (D:7)
  A yak zombie (D:5)
  A phantom (D:6)
  2 orc warriors (D:6)
  An ice beast (D:6)
  A troll zombie (D:6)
  A hippogriff skeleton (D:4)
  4 ogres
  3 centaurs
  2 giant frogs
  A centaur skeleton (D:6)
  A centaur zombie (D:5)
  Blork the orc (D:5)
  3 wights (D:6)
  A goliath beetle (D:6)
  4 hounds
  A gnoll shaman (D:6)
  2 crimson imps (D:5)
  Crazy Yiuf (D:4)
  3 iguanas
  7 worker ants
  2 hound skeletons
  3 orc wizards
  3 jellies
  A worm zombie (D:5)
  4 gnolls
  7 adders
  2 oozes
  2 giant geckos
  A giant mite zombie (D:5)
  18 orcs
  2 ball pythons (D:3)
  6 giant cockroaches
  14 goblins
  17 hobgoblins
  12 jackals
  A quokka (D:3)
  16 bats
  4 giant newts
  15 kobolds
  2 orc skeletons
  A quokka skeleton (D:7)
  12 rats
187 creatures vanquished.

Vanquished Creatures (others)
  An orc (D:6)
  A bat (D:3)
  A goblin (D:3)
  A quokka (D:7)
  A giant newt (D:6)
  A kobold (D:6)
6 creatures vanquished.

Grand Total: 193 creatures vanquished

Notes
Turn   | Place    | Note
--------------------------------------------------------------
     0 | D:1      | Aryth, the Naga Transmuter, began the quest for the Orb.
     0 | D:1      | Reached XP level 1. HP: 18/18 MP: 1/1
   225 | D:1      | Reached XP level 2. HP: 18/25 MP: 3/3
   729 | D:1      | Reached skill level 4 in Unarmed Combat
   795 | D:1      | Reached XP level 3. HP: 18/31 MP: 4/4
  1285 | D:1      | Learned a level 3 spell: Spider Form
  2396 | D:2      | Reached XP level 4. HP: 38/38 MP: 6/6
  2738 | D:3      | Reached skill level 5 in Unarmed Combat
  3493 | D:3      | Found a deep blue altar of Sif Muna.
  3591 | D:3      | Reached XP level 5. HP: 38/44 MP: 7/7
  3920 | D:3      | Reached skill level 6 in Unarmed Combat
  4170 | D:3      | Gained mutation: You are agile (Dex +1). [potion of gain dexterity]
  4435 | D:3      | Reached XP level 6. HP: 16/51 MP: 9/9
  4993 | D:4      | Reached skill level 7 in Unarmed Combat
  5500 | D:4      | Found a shimmering altar of Xom.
  5847 | D:4      | Reached XP level 7. HP: 50/57 MP: 10/10
  5958 | D:4      | Reached skill level 8 in Unarmed Combat
  6339 | D:4      | Noticed Crazy Yiuf
  6360 | D:4      | Killed Crazy Yiuf
  6744 | D:5      | Entered Level 5 of the Dungeon
  6752 | D:5      | Found an iron altar of Okawaru.
  7159 | D:5      | Found a blossoming altar of Fedhas.
  7293 | D:5      | Reached skill level 9 in Unarmed Combat
  7475 | D:5      | Reached XP level 8. HP: 61/66 MP: 12/12
  7735 | D:5      | Noticed Blork the orc
  7754 | D:5      | Killed Blork the orc
  8222 | D:5      | Reached skill level 10 in Unarmed Combat
  8789 | D:5      | Found a staircase to the Ecumenical Temple.
  8802 | Temple   | Entered the Ecumenical Temple
  8825 | Temple   | Became a worshipper of Cheibriados the Contemplative
  9281 | D:6      | Reached skill level 1 in Shields
  9528 | D:6      | Acquired Cheibriados' first power
  9700 | D:6      | Reached XP level 9. HP: 48/72 MP: 13/13
  9757 | D:6      | Reached XP level 8. HP: 43/66 MP: 12/12
  9848 | D:6      | Reached XP level 9. HP: 49/72 MP: 13/13
 11167 | D:7      | Found Kesum's Distillery.
 11167 | D:7      | Noticed Joseph
 11305 | D:7      | Reached skill level 5 in Transmutations
 11572 | D:7      | Shot with a sling bullet by Joseph

Action                   |  1- 3 |  4- 6 |  7- 9 || total
-------------------------+-------+-------+-------++-------
Melee: Unarmed           |   119 |   221 |   453 ||   793
Throw: Club              |       |       |     3 ||     3
 Cast: Beastly Appendage |       |     1 |       ||     1
       Spider Form       |       |     4 |     9 ||    13
 Abil: Spit Poison       |     7 |    13 |    14 ||    34
  Use: Scroll            |       |    14 |    12 ||    26
       Potion            |       |     1 |     4 ||     5
 Stab: Sleeping          |     3 |     2 |     1 ||     6
